 Dungeon Crawl Stone Soup version 0.30-a0-719-gcc4359ea44 (webtiles) character file.

Game seed: 4314827922486376126

1554 themarg the Fighter (level 8, -9/71 HPs)
             Began as a Demonspawn Chaos Knight on Jan 27, 2023.
             Was a Plaything of Xom.
             Mangled by a yak (13 damage)
             ... on level 5 of the Dungeon.
             The game lasted 00:12:36 (4020 turns).

themarg the Fighter (Demonspawn Chaos Knight)       Turns: 4020, Time: 00:12:36

Health: -9/71      AC:  5    Str: 15    XL:     8   Next: 57%
Magic:  8/8        EV: 14    Int: 14    God:    Xom [..*...]
Gold:   60         SH:  0    Dex: 18    Spells: 7/7 levels left

rFire   . . .      SeeInvis .    d - +3 hand axe (chaos)
rCold   . . .      Faith    .    (no shield)
rNeg    + . .      Spirit   .    b - +2 leather armour
rPois   +          Reflect  .    (helmet restricted)
rElec   .          Harm     .    (no cloak)
rCorr   .          Rampage  .    (no gloves)
Will    ++...                    (no boots)
Stlth   +                        (no amulet)
HPRegen 0.31/turn                q - +6 ring of dexterity
MPRegen 0.22/turn                y - ring of positive energy

@: about to teleport
A: horns 2, powered by death 1, magic regeneration, weakness stinger 1, talons
1, strong-willed 2, poison resistance, wild magic 1, noise suppression
a: Renounce Religion


You were on level 5 of the Dungeon.
You worshipped Xom.
You were a toy of Xom.
You visited 1 branch of the dungeon, and saw 7 of its levels.

You collected 210 gold pieces.
You spent 150 gold pieces at shops.

Inventory:

Hand Weapons
 d - a +3 hand axe of chaos (weapon)
 I - a +4 mace
Missiles
 e - 17 stones
 f - 6 poisoned darts (quivered)
 D - 2 throwing nets
 F - a boomerang of dispersal
Armour
 a - a +0 buckler
 b - a +2 leather armour (worn)
 h - a +0 helmet
 C - a +0 pair of boots
Jewellery
 q - a +6 ring of dexterity (left hand)
 y - a ring of positive energy (right hand)
Wands
 g - a wand of quicksilver (13)
Scrolls
 i - a scroll of teleportation
 j - a scroll of vulnerability {unknown}
 n - 2 scrolls of enchant weapon
 p - 2 scrolls of magic mapping {unknown}
 t - a scroll of blinking {unknown}
 u - 2 scrolls of amnesia {unknown}
 w - a scroll of silence {unknown}
 B - a scroll of brand weapon {unknown}
 G - a scroll of fog {unknown}
 K - a scroll of identify
Potions
 k - 2 potions of attraction
 l - 2 potions of berserk rage
 m - 3 potions of curing
 o - a potion of experience {unknown}
 r - a potion of might {unknown}
 s - a potion of degeneration {unknown}
 v - a potion of magic {unknown}
 x - 2 potions of brilliance
 z - a potion of haste {unknown}
 A - 2 potions of mutation {unknown}
 E - a potion of invisibility {unknown}
 H - 2 potions of lignification
 J - a potion of heal wounds
Miscellaneous
 c - a piece from Xom's chessboard (15/15)


   Skills:
 + Level 9.4 Fighting
 - Level 2.6 Axes
 - Level 3.0 Armour
 - Level 5.0 Dodging


You had 7 spell levels left.
You didn't know any spells.
Your spell library contained the following spells:

 Spells                   Type           Power      Damage    Failure   Level
 Sandblast                Erth           0%         2d4       43%         1
 Passwall                 Tmut/Erth      0%         N/A       56%         2
 Stone Arrow              Conj/Erth      0%         3d7       78%         3
 Animate Armour           Summ/Erth      0%         N/A       99%         4
 Lehudib's Crystal Spear  Conj/Erth      0%         10d2      100%        8


Dungeon Overview and Level Annotations

Branches:
Dungeon (7/15)             Temple (0/1) D:7

Altars:
Cheibriados
Hepliaklqana
Uskayaw

Shops:
D:5 !


Innate Abilities, Weirdness & Mutations

You have a pair of horns on your head.
You regenerate a little health from kills.
You regenerate magic rapidly.
You have a small tail.
You have sharp toenails.
You are highly strong-willed. (Will++)
Your system is resistant to poisons. (rPois)
Your spells are a little harder to cast, but a little more powerful.
You passively dampen the noise of your surroundings.


Message History

You hit the yak.
The yak resists with some effort.
Your kick misses the yak.
The yak is almost dead.
The yak gores you!
You hit the yak but do no damage. You headbutt the yak.
The yak is almost dead.
The yak barely misses you.
You hit the yak but do no damage. You claw the yak.
The yak is almost dead.
The yak gores you!
You hit the yak.
You kill the yak!
The yak gores you.
Your piece from Xom's chessboard (15/15) has regained one charge.
Throw: 7 darts (poison)
Press: ? - help, Shift-Dir - straight line, f - yak
Aim: a yak (75% to hit)
You throw a poisoned dart. The poisoned dart hits the yak.
The yak is poisoned.
The yak misses you.
You hear Xom's avuncular chuckle.
The yak evaporates and reforms as a queen bee!
The yak attacks as you move away! The yak barely misses you.
The yak attacks as you move away! The yak closely misses you.
The yak attacks as you move away! The yak gores you!
* * * LOW HITPOINT WARNING * * *
The yak looks more healthy.
There is a stone staircase leading up here.
The yak gores you.
* * * LOW HITPOINT WARNING * * *
You climb upwards.
There is a stone staircase leading down here.
You slash the yak! You claw the yak, but do no damage.
Your headbutt misses the yak. You tail-slap the yak.
The yak is heavily wounded.
The yak gores you!
* * * LOW HITPOINT WARNING * * *
As you read the scroll of teleportation, it crumbles to dust.
You feel strangely unstable. The yak closely misses you.
The yak attacks as you move away! The yak gores you!
You die...
Xom chortles!

#####........#########.....#
...........................##
.........####...............#
.....###..###...............#
......##..............#####.#
......##.####.........### #.#
.........# #...........# #.# ###
.######..########.#..##.###.###..
.######........Y@.##.#......##⌠.<
.†...#......########.#......#....
####.................#......#.<.⌠
.............##...........#.#...†
##.##.......................##⌠†<
...##.#.#####...............###..
###...#..###..................###
....#.##.......................))
..............................###


You could see a yak.

Vanquished Creatures
  A yak (D:6)
  Duvessa (D:4)
  2 black bears (D:5)
  An ice beast (D:5)
  A black bear (shapeshifter) (D:5)
  An ogre (D:4)
  A bullfrog (D:6)
  4 scorpions
  3 wights (D:5)
  Dowan (D:4)
  A hound (D:5)
  A jelly (D:5)
  A gnoll bouda (D:5)
  4 iguanas
  An adder (D:4)
  3 gnolls (D:5)
  3 shadow imps (D:5)
  A worm (D:4)
  4 dart slugs
  8 orcs
  6 ball pythons
  4 endoplasms
  4 giant cockroaches
  3 goblins
  6 hobgoblins
  8 jackals
  2 quokkas
  9 bats
  4 frilled lizards
  12 kobolds
  5 rats
106 creatures vanquished.

Vanquished Creatures (others)
  A frilled lizard zombie (D:1)
1 creature vanquished.

Grand Total: 107 creatures vanquished

Notes
Turn   | Place    | Note
-------+----------+-------------------------------------------
     0 | D:1      | themarg the Demonspawn Chaos Knight began the quest for the
                  | Orb.
     0 | D:1      | Reached XP level 1. HP: 18/18 MP: 1/1
    41 | D:1      | Reached skill level 1 in Dodging
   130 | D:1      | Discovered your monstrous ancestry.
   130 | D:1      | Gained mutation: You have a pair of small horns on your
                  | head. [demonic ancestry]
   130 | D:1      | Reached XP level 2. HP: 21/24 MP: 2/2
   143 | D:1      | XOM: silly message
   146 | D:1      | XOM: god gift: +2 hand axe of chaos
   165 | D:1      | XOM: fake destruction
   191 | D:1      | XOM: fake destruction
   250 | D:1      | Found a faded altar of an unknown god.
   301 | D:1      | Gained mutation: You regenerate magic rapidly. [demonic
                  | ancestry]
   301 | D:1      | Reached XP level 3. HP: 29/29 MP: 3/3
   303 | D:1      | XOM: summons 1 hostile shadow creature
   523 | D:1      | XOM: give mutations
   523 | D:1      | Gained mutation: You have sharp toenails. [Xom's grace]
   523 | D:1      | Gained mutation: You are strong-willed. (Will+) [Xom's
                  | grace]
   523 | D:1      | Gained mutation: Your spells are a little harder to cast,
                  | but a little more powerful. [Xom's grace]
   523 | D:1      | Gained mutation: You have a pair of horns on your head.
                  | [Xom's grace]
   829 | D:2      | XOM: give mutations
   829 | D:2      | Gained mutation: You passively dampen the noise of your
                  | surroundings. [Xom's grace]
   829 | D:2      | Gained mutation: You are highly strong-willed. (Will++)
                  | [Xom's grace]
   829 | D:2      | Gained mutation: Your system is resistant to poisons.
                  | (rPois) [Xom's grace]
  1209 | D:2      | XOM: cloud trail
  1305 | D:3      | Gained mutation: You regenerate a little health from kills.
                  | [demonic ancestry]
  1305 | D:3      | Reached XP level 4. HP: 31/37 MP: 4/4
  1384 | D:3      | Found a snail-covered altar of Cheibriados.
  1996 | D:4      | Noticed Duvessa
  1996 | D:4      | Noticed Dowan
  2189 | D:4      | Noticed an ogre
  2196 | D:4      | Killed an ogre
  2197 | D:4      | Reached skill level 4 in Fighting
  2197 | D:4      | Mutation became permanent: You have a pair of small horns
                  | on your head. [demonic ancestry]
  2197 | D:4      | Gained mutation: You have a pair of horns on your head.
                  | [demonic ancestry]
  2197 | D:4      | Reached XP level 5. HP: 43/43 MP: 5/5
  2338 | D:4      | You fall into a shaft and drop 3 floors!
  2348 | D:7      | Found a staircase to the Ecumenical Temple.
  2394 | D:6      | Gained mutation: You have a small tail. [demonic ancestry]
  2394 | D:6      | Reached XP level 6. HP: 28/50 MP: 6/6
  2426 | D:6      | XOM: 1-stop teleportation journey
  2453 | D:5      | Entered Level 5 of the Dungeon
  2487 | D:5      | XOM: god gift: 23 gold pieces
  2491 | D:5      | Reached skill level 5 in Fighting
  2500 | D:5      | XOM: god gift: scroll labelled ACHOUV XOOMP {god gift}
  2566 | D:5      | XOM: 1-stop teleportation journey
  2648 | D:5      | XOM: potion effect (might)
  2652 | D:5      | Reached XP level 7. HP: 50/57 MP: 7/7
  2678 | D:5      | Reached skill level 6 in Fighting
  2717 | D:4      | Killed Duvessa
  2718 | D:4      | Reached skill level 5 in Dodging
  2722 | D:4      | Killed Dowan
  3009 | D:4      | XOM: silly message
  3039 | D:4      | Found a hazy altar of Hepliaklqana.
  3039 | D:4      | Found a hide-covered altar of Uskayaw.
  3104 | D:5      | Reached skill level 7 in Fighting
  3119 | D:5      | XOM: silly message
  3142 | D:5      | Reached XP level 8. HP: 23/68 MP: 8/8
  3179 | D:5      | an orc changed into a shapeshifter
  3179 | D:5      | Noticed a shapeshifter (shapeshifter)
  3179 | D:5      | a shapeshifter changed into a yak
  3183 | D:5      | a yak changed into a shapeshifter
  3183 | D:5      | Noticed a shapeshifter (shapeshifter)
  3183 | D:5      | a shapeshifter changed into a black bear
  3186 | D:5      | XOM: silly message
  3189 | D:5      | Reached skill level 8 in Fighting
  3345 | D:5      | Found Kaotat's Distillery.
  3358 | D:5      | Bought a potion of curing for 30 gold pieces
  3358 | D:5      | Bought a potion of heal wounds for 50 gold pieces
  3358 | D:5      | Bought a potion of lignification for 30 gold pieces
  3358 | D:5      | Bought a potion of brilliance for 40 gold pieces
  3868 | D:6      | XOM: divination: magic mapping
  3908 | D:6      | Reached skill level 9 in Fighting
  4010 | D:6      | a yak changed into a queen bee
  4010 | D:6      | Noticed a queen bee
  4010 | D:6      | XOM: polymorph yak -> queen bee
  4017 | D:5      | HP: 3/71 [yak (10)]
  4020 | D:5      | Mangled by a yak

Illustrated notes

Levels and vault maps discovered:
D:1:      nicolae_arrival_memento_mori, layout_basic,
          shapermc_ecumenical_altar_pompeii, minmay_close_crescents
D:2:      layout_rooms
D:3:      layout_basic, mainiacjoe_overflow_boulevard
D:4:      layout_rooms, nicolae_overflow_two_pavilions, uniq_duvessa
D:5:      layout_rooms, serial_shops, nicolae_shop_hallway_plus,
          grunt_ministairs_7, water_maze_lemuel
D:6:      layout_loops_corners, chequers_serial_rivers_micro_b,
          chequers_serial_rivers_small_3, minmay_misc_feat_tiny,
          grunt_ministairs_14, uniq_sigmund
D:7:      layout_gridville, pdpol_wu_jian_five_deadly_venoms,
          minmay_temple_entry_statues_pillars, hellmonk_ghost_happy_afterlife,
          minmay_ruined_shrine

Skill      XL: |  1  2  3  4  5  6  7  8 |
---------------+-------------------------+-----
Dodging        | 1 2 3 4 5 |  5.0
Armour         | 2 3 |  3.0
Fighting       | 4 5 7 9 |  9.4
Axes           | |  2.6

Action                     |  1- 3 |  4- 6 |  7- 9 || total
---------------------------+-------+-------+-------++-------
  Melee: Hand axe          |   134 |    52 |    98 ||   284
         Headbutt          |    12 |    13 |    23 ||    48
         Punch             |     1 |     1 |     3 ||     5
         Kick              |     6 |    15 |    43 ||    64
         Tailslap          |       |     1 |    17 ||    18
  Throw: Dart              |       |     5 |     1 ||     6
  Evoke: Piece from Xom's  |       |       |     2 ||     2
    Use: Scroll            |       |     4 |     1 ||     5
   Stab: Paralysed         |     1 |       |     6 ||     7
         Sleeping          |       |     1 |     1 ||     2
 Armour: Leather armour    |    55 |    15 |    11 ||    81
  Dodge: Dodged            |    83 |    35 |    73 ||   191

Table legend: (Time is in decaauts)
 A = Elapsed time spent in this place.
 B = Non-inter-level travel time spent in this place.
 C = Inter-level travel time spent in this place.
 D = Time resting spent in this place.
 E = Time spent auto-exploring this place.
 F = Levels seen in this place.
 G = Mean time per level.
                   A        B        C        D        E       F      G
               +--------+--------+--------+--------+--------+-----+--------+
         Total |   4067 |   3869 |    198 |    303 |   2589 |   7 |  581.0 |
       Dungeon |   4067 |   3869 |    198 |    303 |   2589 |   7 |  581.0 |
               +--------+--------+--------+--------+--------+-----+--------+

Top non-repeatable levels by time:
     D:5: 979 daAuts
     D:1: 837 daAuts
     D:3: 823 daAuts
     D:4: 706 daAuts
     D:2: 400 daAuts
     D:6: 277 daAuts
     D:7: 41 daAuts
